AoeStats
← rattan archer

Arabia

509583856Analyzed
1v1 RM · 3d ago on Sep 27, 2026· 19m 45s· 2 players
Game mode
Random Map
Map size
Tiny (2 player)
Population
200
Speed
Normal
Resources
Standard
Victory
Conquest
Starting age
Dark Age
Ending age
Imperial Age
RankedLock teamsTeams togetherTeam positionsShared explorationLock speedFull tech treeHidden civsTurbo modeCheats
Victory
Defeat
🇻🇳 Vikings · Vietnam
1188
+17
🇬🇧 Celts · United Kingdom
1217
-17
rattan archer
5:50 Loom
6:07 Loom
10:16 Feudal Age
11:07 Man-at-Arms
12:04 Gold Mining
17:50 Double-Bit Axe
CrusadingChicken
8:01 Loom
10:34 Feudal Age
10:49 Man-at-Arms
16:21 Scale Mail Armor
16:32 Forging
Connection lost

Rejoining the realm…

Still unreachable

The connection could not be restored.

Session expired

The server has moved on; the page needs a fresh start.